 Dungeon Sprint DCSS version 0.31-a0-986-g5e6e4ef867 (webtiles) character file.

Game seed: 15715672740186612897

2884 rocky1 the Brawler (level 9, -18/78 HPs)
             Began as a Grey Draconian Shapeshifter on Nov 9, 2023.
             Was an Initiate of Gozag.
             Demolished by a snapping turtle (57 damage)
             ... in the Dungeon (Sprint VII: "The Pits") on Nov 12, 2023.
             The game lasted 00:05:18 (1054 turns).

rocky1 the Brawler (Grey Draconian Shapeshifter)    Turns: 1054, Time: 00:05:19

Health: -18/78     AC: 15    Str: 16    XL:     9   Next: 48%
Magic:  9/9        EV:  2    Int: 11    God:    Gozag
Gold:   1040       SH:  0    Dex: 15    Spells: 8/8 levels left

rFire   . .          .
                       - Unarmed
rCold   . . .        (no shield)
rNeg    . . .        (body armour unavailable)
rPois   .            (helmet currently unavailable)
rElec   .            (cloak currently unavailable)
rCorr   .            (gloves currently unavailable)
SInv    .            (boots currently unavailable)
Will    .....        (no amulet)
Stlth   ++           n - +3 ring of protection
HPRegen 0.33/turn    o - +3 ring of evasion
MPRegen 0.11/turn

%: no teleportation
@: beast-form, sleeping, gold aura
A: beast (slay +4), AC +12, amphibious, unfitting armour, cold-blooded
a: Begin Untransformation, Renounce Religion, Potion Petition, Call Merchant,
Bribe Branch


You were in the Dungeon.
You worshipped Gozag.
Gozag was most pleased with you.
You were a hulking beast.
You visited 1 branch You collected 2448 gold pieces.
You spent 960 gold pieces at shops.
You paid 448 gold pieces to Gozag.

Inventory:

Armour
 t - a +0 pair of boots
Jewellery
 n - a +3 ring of protection (left hand)
 o - a +3 ring of evasion (right hand)
Talismans
 b - a beast talisman
 c - a flux talisman
 u - a talisman of death
Scrolls
 i - a scroll of blinking
 k - 2 scrolls of vulnerability
 l - 5 scrolls of amnesia
 m - a scroll of butterflies
Potions
 a - a potion of lignification
 d - 5 potions of curing
 e - 5 potions of heal wounds
 f - 2 potions of haste
 g - 4 potions of magic
 h - 2 potions of berserk rage
 j - 2 potions of invisibility
 p - 2 potions of might
 q - a potion of mutation
 r - 2 potions of brilliance
 s - a potion of resistance


   Skills:
 + Level 6.4 Fighting
 + Level 7.5 Dodging
 - Level 3.2 Stealth
 * Level 15.4 Unarmed Combat
 * Level 11.6 Shapeshifting


You had 8 spell levels left.
You didn't know any spells.
Your spell library was empty.

Dungeon Overview and Level Annotations

Branches:
Dungeon (1/1)

Altars:
Ashenzari
Cheibriados
Dithmenos
Elyvilon
Fedhas
Gozag
Hepliaklqana
Kikubaaqudgha
Makhleb
Nemelex Xobeh
Okawaru
Qazlal
Ru
Sif Muna
Trog
Uskayaw
Vehumet
Wu Jian
Xom
Yredelemnul
Zin
The Shining One
Jiyva
Lugonu

Shops:
D =


Innate Abilities, Weirdness & Mutations

You are a hulking beast.
Your limbs bulge with bestial killing power. (Slay +4)
Your dull iron-grey scales are very hard. (AC +12)
You are amphibious.
You cannot fit into any form of body armour.
You are cold-blooded and may be slowed by cold attacks.


Message History

5 dream sheep, a cane toad and a snapping turtle come into view.
The dream sheep bleats! x2; The cane toad croaks.
The dream sheep are wreathed in dream dust.
You feel drowsy...
You fall asleep.
The snapping turtle hisses angrily.
The dream sheep bites you but does no damage.
The dream sheep bites you!!
You wake up.
Okay, then.
You hit the dream sheep.
Your tail-slap misses the dream sheep.
Your punch misses the dream sheep.
The dream sheep is moderately wounded.
You punch the dream sheep!
Your tail-slap misses the dream sheep.
You punch the dream sheep.
You kill the dream sheep!
The dream sheep is distracted by your dazzling golden aura.
Your Fighting skill increases to level 6!
The dream sheep bleats!
You punch the dream sheep!
The dream sheep is heavily wounded.
The snapping turtle completely misses you.
You hit the dream sheep.
The dream sheep is severely wounded.
The dream sheep is no longer distracted by gold.
The snapping turtle bites you from afar!!
You punch the dream sheep!
You kill the dream sheep!
The dream sheep ruffle their wool and motes of dream dust sparkle, to no effect.
You are too injured to fight recklessly!
You closely miss the dream sheep. The dream sheep closely misses you.
You punch the dream sheep!
The dream sheep is heavily wounded.
You completely miss the dream sheep.
The dream sheep is heavily wounded.
The dream sheep shake their wool and sparkle.
You feel drowsy...
You fall asleep.
The dream sheep bites you but does no damage.
The snapping turtle bites you!!!
Ouch! That really hurt!
You die...
Your body crumbles into a pile of gold.

##................#
#####'#####''######
##.......##''#####
##.......##......#
##.......##......#
##...<...###....## ##
##.......# ##))## #..+
##.......###....## ....#
##.......##.....h#....#
###########.....YtF...+
###########.....$#Y...#
....#..[[###.)..###....#
....#...[# ##''## ##..+
....'..))###.)..## ##
....#..))##......#
....#..))##......#
##################


You could see a snapping turtle, a cane toad and 2 dream sheep.

Vanquished Creatures
  An orc knight (D)
  A merfolk siren (D)
  Psyche (D)
  An ice devil (D)
  A troll (D)
  A glass eye (D)
  2 dream sheep (D)
  A wyvern (D)
  A warg (D)
  A water moccasin (D)
  An ogre (D)
  A centaur (D)
  A phantom (D)
  A hound (D)
  An orc priest (D)
  A gnoll bouda (D)
  4 gnolls (D)
  A river rat (D)
  A white imp (D)
  An ufetubus (D)
  An orc (D)
  A bat skeleton (D)
  A giant cockroach (D)
  A hobgoblin (D)
  5 jackals (D)
  2 ball pythons (D)
  A frilled lizard (D)
36 creatures vanquished.

Vanquished Creatures (others)
  An orc warrior (D)
  A swamp drake (D)
2 creatures vanquished.

Grand Total: 38 creatures vanquished

Notes
Turn   | Place    | Note
-------+----------+-------------------------------------------
     0 | D        | rocky1 the Draconian Shapeshifter began the quest for the
                  | Orb.
     0 | D        | Reached XP level 1. HP: 16/16 MP: 1/1
    22 | D        | Reached XP level 2. HP: 23/23 MP: 2/2
    26 | D        | Found a bloodstained altar of Trog.
    26 | D        | Found a shimmering blue altar of Sif Muna.
    26 | D        | Found a viscous altar of Jiyva.
    26 | D        | Found a hazy altar of Hepliaklqana.
    26 | D        | Found an opulent altar of Gozag.
    49 | D        | Found a glowing golden altar of the Shining One.
    49 | D        | Found a glowing silver altar of Zin.
    49 | D        | Found a basalt altar of Yredelemnul.
    49 | D        | Found a shimmering altar of Xom.
    49 | D        | Found an ornate altar of the Wu Jian Council.
    49 | D        | Found a sacrificial altar of Ru.
    49 | D        | Found a stormy altar of Qazlal.
    49 | D        | Found an iron altar of Okawaru.
    49 | D        | Found a sparkling altar of Nemelex Xobeh.
    49 | D        | Found a burning altar of Makhleb.
    49 | D        | Found a blossoming altar of Fedhas.
    49 | D        | Found a white marble altar of Elyvilon.
    49 | D        | Found a shadowy altar of Dithmenos.
    49 | D        | Found a snail-covered altar of Cheibriados.
    52 | D        | Found a corrupted altar of Lugonu.
    52 | D        | Found a radiant altar of Vehumet.
    53 | D        | Found an ancient bone altar of Kikubaaqudgha.
    53 | D        | Found a hide-covered altar of Uskayaw.
    53 | D        | Found a broken altar of Ashenzari.
    56 | D        | Became a worshipper of Gozag Ym Sagoz the Greedy
    90 | D        | Reached skill level 4 in Unarmed Combat
    90 | D        | Reached skill level 5 in Shapeshifting
   231 | D        | Noticed a glass eye
   240 | D        | Reached XP level 3. HP: 26/28 MP: 3/3
   253 | D        | Killed a glass eye
   254 | D        | Reached skill level 1 in Stealth
   254 | D        | Reached skill level 8 in Unarmed Combat
   254 | D        | Reached XP level 4. HP: 36/36 MP: 4/4
   254 | D        | Reached XP level 5. HP: 41/41 MP: 5/5
   412 | D        | Noticed a phantom
   413 | D        | Noticed a water moccasin
   422 | D        | Killed a phantom
   423 | D        | Reached skill level 9 in Unarmed Combat
   423 | D        | Reached XP level 6. HP: 34/48 MP: 6/6
   439 | D        | Killed a water moccasin
   440 | D        | Reached skill level 10 in Unarmed Combat
   486 | D        | Noticed a wyvern
   489 | D        | Killed a wyvern
   490 | D        | Reached skill level 11 in Unarmed Combat
   490 | D        | Your scales start taking on a dull iron-grey colour.
   490 | D        | Reached XP level 7. HP: 37/56 MP: 7/7
   579 | D        | Noticed an orc knight
   599 | D        | Reached skill level 5 in Dodging
   599 | D        | Reached skill level 12 in Unarmed Combat
   607 | D        | Killed an orc knight
   608 | D        | Reached skill level 13 in Unarmed Combat
   608 | D        | Reached XP level 8. HP: 63/63 MP: 8/8
   744 | D        | Bought a talisman of death for 960 gold pieces
   859 | D        | Noticed a troll
   868 | D        | Killed a troll
   869 | D        | Reached skill level 14 in Unarmed Combat
   869 | D        | Reached skill level 10 in Shapeshifting
   970 | D        | Noticed an ice devil
   970 | D        | Noticed a merfolk siren
   970 | D        | Noticed Psyche
   978 | D        | Killed an ice devil
   979 | D        | Killed Psyche
   980 | D        | Reached skill level 5 in Fighting
   980 | D        | Reached XP level 9. HP: 74/74 MP: 9/9
   985 | D        | Killed a merfolk siren
   986 | D        | Reached skill level 15 in Unarmed Combat
  1039 | D        | Noticed a cane toad
  1054 | D        | Demolished by a snapping turtle

Illustrated notes

Levels and vault maps discovered:
D:        pitsprint [storerooms_1, entrance_room_1, metal_vault_2, armoury_1,
          mini_pit_1, grid_room_1, main_hall_1, silver_pit, the_coven_2,
          the_vestibule_1, steel_vault_4, golden_pit, hallway_of_sentries,
          crystal_vault_6, iron_vault_3, final_vault]

Skill      XL: |  1  2  3  4  5  6  7  8  9 |
---------------+----------------------------+-----
Dodging        | 2 3 4 5 6 7 |  7.5
Shapeshifting  | 4 5 7 8 9 10 11 | 11.6
Unarmed Combat | 4 8 9 11 13 14 15 | 15.4
Fighting       | 2 3 5 6 |  6.4
Stealth        | 1 2 3 |  3.2

Action                     |  1- 3 |  4- 6 |  7- 9 || total
---------------------------+-------+-------+-------++-------
  Melee: Unarmed           |    44 |    18 |    65 ||   127
         Tailslap          |     6 |     3 |    12 ||    21
         Punch             |     1 |       |     6 ||     7
 Invoke: Call Merchant     |       |       |     1 ||     1
    Use: Potion            |     1 |       |     4 ||     5
   Stab: Confused          |       |       |     2 ||     2
 Armour: Skin              |    16 |     8 |    45 ||    69
  Dodge: Dodged            |    20 |     6 |    44 ||    70

Table legend: (Time is in decaauts)
 A = Elapsed time spent in this place.
 B = Non-inter-level travel time spent in this place.
 C = Inter-level travel time spent in this place.
 D = Time resting spent in this place.
 E = Time spent auto-exploring this place.
 F = Levels seen in this place.
 G = Mean time per level.
                   A        B        C        D        E       F      G
               +--------+--------+--------+--------+--------+-----+--------+
         Total |   1058 |    993 |     65 |    582 |      0 |   1 | 1058.0 |
       Dungeon |   1058 |    993 |     65 |    582 |      0 |   1 | 1058.0 |
               +--------+--------+--------+--------+--------+-----+--------+

Top non-repeatable levels by time:
       D: 1058 daAuts
